AoeStats
← shai

Arabia

507916455Analyzed
1v1 RM · 13d ago on Sep 20, 2026· 45m 45s· 2 players
Game mode
Random Map
Map size
Tiny (2 player)
Population
200
Speed
Normal
Resources
Standard
Victory
Conquest
Starting age
Dark Age
Ending age
Imperial Age
RankedLock teamsTeams togetherTeam positionsShared explorationLock speedFull tech treeHidden civsTurbo modeCheats
Victory
Defeat
🇨🇳 Byzantines · China
1552
+14
🇹🇼 Aztecs · Taiwan
1499
-14
shai
7:03 Loom
9:47 Feudal Age
9:54 Man-at-Arms
16:02 Arson
22:31 Castle Age
20:52 Double-Bit Axe
21:33 Scale Mail Armor
21:23 Horse Collar
22:21 Forging
22:35 Eagle Warrior
23:16 Squires
26:19 Chain Mail Armor
26:51 Wheelbarrow
31:24 Sanctity
31:05 Atonement
32:15 Fervor
38:04 Imperial Age
39:09 Block Printing
40:48 Theocracy
41:43 Town Watch
42:07 Pikeman
44:24 Garland Wars
46:05 Bow Saw
远程OB总指挥
5:13 Loom
9:06 Feudal Age
15:05 Double-Bit Axe
17:52 Horse Collar
18:21 Fletching
23:05 Castle Age
21:22 Gold Mining
22:42 Padded Archer Armor
23:42 Stone Mining
24:20 Bow Saw
24:31 Bodkin Arrow
25:27 Wheelbarrow
30:21 Stone Shaft Mining
30:22 Gold Shaft Mining
29:50 Heavy Plow
30:11 Scale Barding Armor
31:18 Hand Cart
31:40 Sanctity
31:52 Husbandry
32:19 Chain Barding Armor
33:26 Light Cavalry
34:38 Forging
37:22 Iron Casting
36:50 Husbandry
40:49 Imperial Age
40:49 Devotion
42:15 Conscription
44:06 Plate Barding Armor
43:32 Bracer
45:53 Hoardings
Connection lost

Rejoining the realm…

Still unreachable

The connection could not be restored.

Session expired

The server has moved on; the page needs a fresh start.